AoeStats
← Topi-Petteri

Arabia

508392099Analyzed
1v1 RM · 10d ago on Sep 22, 2026· 156m 44s· 2 players
Game mode
Random Map
Map size
Tiny (2 player)
Population
200
Speed
Normal
Resources
Standard
Victory
Conquest
Starting age
Dark Age
Ending age
Imperial Age
RankedLock teamsTeams togetherTeam positionsShared explorationLock speedFull tech treeHidden civsTurbo modeCheats
Victory
Defeat
🇫🇮 Poles · Finland
804
+15
🇳🇱 Mongols · Netherlands
780
-15
PaidOrange1302
1:23 Loom
9:59 Feudal Age
17:18 Castle Age
17:30 Gold Mining
19:49 Bloodlines
23:58 Husbandry
27:03 Horse Collar
27:53 Heavy Plow
32:36 Double-Bit Axe
33:30 Gold Shaft Mining
34:37 Fletching
34:48 Padded Archer Armor
35:50 Bow Saw
37:07 Ballistics
38:32 Bodkin Arrow
38:53 Leather Archer Armor
39:19 Thumb Ring
43:42 Imperial Age
43:16 Forging
43:12 Scale Barding Armor
44:07 Wheelbarrow
43:18 Town Watch
45:09 Parthian Tactics
44:50 Bracer
45:36 Chain Barding Armor
45:46 Conscription
46:57 Heavy Camel Rider
47:05 Pikeman
48:09 Murder Holes
48:27 Masonry
49:47 Chemistry
49:06 Squires
49:12 Scale Mail Armor
49:47 Iron Casting
51:16 Arson
52:38 Blast Furnace
51:55 Chain Mail Armor
53:19 Elite Mangudai
54:37 Hoardings
56:46 Hand Cart
56:33 Town Patrol
57:05 Plate Mail Armor
71:40 Nomads
140:55 Elite Skirmisher
Topi-Petteri
10:04 Feudal Age
9:24 Loom
10:32 Double-Bit Axe
10:31 Horse Collar
11:37 Horse Collar
15:08 Scale Barding Armor
15:45 Forging
18:33 Bloodlines
19:18 Wheelbarrow
23:42 Castle Age
23:10 Man-at-Arms
23:55 Scale Mail Armor
24:25 Long Swordsman
25:28 Chain Mail Armor
30:04 Iron Casting
33:34 Pikeman
34:14 Squires
33:59 Arson
34:57 Hand Cart
34:57 Town Watch
36:29 Bow Saw
39:06 Imperial Age
37:42 Stone Mining
37:43 Gold Mining
37:50 Gold Mining
37:56 Light Cavalry
38:36 Husbandry
43:26 Winged Hussar
45:11 Blast Furnace
45:06 Conscription
44:09 Two-Handed Swordsman
46:18 Champion
48:43 Lechitic Legacy
49:38 Town Patrol
53:38 Chain Barding Armor
53:51 Plate Mail Armor
54:15 Cavalier
56:41 Heavy Plow
57:31 Szlachta Privileges
111:29 Caravan
113:58 Crop Rotation
124:45 Coinage
127:41 Padded Archer Armor
127:31 Fletching
129:04 Heavy Cavalry Archer
130:48 Leather Archer Armor
130:28 Bodkin Arrow
131:28 Thumb Ring
132:32 Bracer
139:08 Chemistry
138:29 Ballistics
Connection lost

Rejoining the realm…

Still unreachable

The connection could not be restored.

Session expired

The server has moved on; the page needs a fresh start.